 Dungeon Crawl Stone Soup version 0.29-a0-520-gc852659d43 (webtiles) character file.

Game seed: 15091892617628536265

902 siradein the Skirmisher (level 7, -9/84 HPs)
             Began as a Demonspawn Chaos Knight on May 31, 2022.
             Was a Plaything of Xom.
             Mangled by an ogre
             ... wielding a +0 giant spiked club
              (13 damage)
             ... on level 5 of the Dungeon.
             The game lasted 00:18:13 (5450 turns).

siradein the Skirmisher (Demonspawn Chaos Knight)   Turns: 5450, Time: 00:18:14

Health: -9/84      AC: 27    Str: 13 (14) XL:     7   Next: 80%
Magic:  0/7        EV:  2    Int: 12      God:    Xom [..*...]
Gold:   208        SH:  0    Dex:  8      Spells: 6/6 levels left

rFire   . . .      SeeInvis .   a - +0 mace (chaos)
rCold   . . .      Faith    .   (no shield)
rNeg    . . .      Spirit   +   (body armour currently unavailable)
rPois   +          Reflect  .   (helmet currently unavailable)
rElec   .          Harm     .   (cloak currently unavailable)
rCorr   .          Rampage  .   (gloves currently unavailable)
Will    .....      NoTele   +   (boots currently unavailable)
Stlth   +.........              A - amulet of guardian spirit
HPRegen 0.24/turn               D - +4 ring of protection
MPRegen 0.10/turn               (no ring)

@: tree-form, unable to read
A: stationary, stasis, torment immunity, boosted hp, powered by death 1, powered
by pain 1, (sharp scales 1), (weakness stinger 1), clumsy 2, deterioration 2,
dopey 1, inability to read while threatened
a: Renounce Religion


You were on level 5 of the Dungeon.
You worshipped Xom.
You were a toy of Xom.
You were a tree.
You visited 1 branch of the dungeon, and saw 5 of its levels.
You also visited: Sewer.

You collected 272 gold pieces.
You spent 64 gold pieces at shops.

Inventory:

Hand Weapons
 a - a +0 mace of chaos (weapon)
Armour
 m - a +1 pair of gloves (melded)
 n - a +0 pair of boots (melded)
 y - a +1 chain mail of willpower (melded)
Jewellery
 A - an amulet of guardian spirit (around neck)
 D - a +4 ring of protection (left branch)
Wands
 e - a wand of charming (17)
Scrolls
 b - a scroll of fog {unknown}
 d - 2 scrolls of amnesia
 f - 2 scrolls of magic mapping
 g - 5 scrolls of teleportation {unknown}
 h - 2 scrolls of noise {unknown}
 j - a scroll of enchant weapon {unknown}
 k - a scroll of fear
 q - 2 scrolls of brand weapon {unknown}
 r - a scroll of silence {unknown}
 t - 2 scrolls of acquirement {unknown}
 v - a scroll of immolation {unknown}
 z - a scroll of enchant armour {unknown}
 B - a scroll of blinking
Potions
 i - 2 potions of flight
 o - 2 potions of invisibility
 p - a potion of lignification
 s - a potion of curing
 u - a potion of haste {unknown}
 w - 2 potions of degeneration {unknown}
 x - 2 potions of heal wounds {unknown}
 C - a potion of brilliance {unknown}
 E - a potion of berserk rage {unknown}
Miscellaneous
 c - a piece from Xom's chessboard (12/15) (quivered)
 l - a phantom mirror


   Skills:
 + Level 5.3 Fighting
 + Level 4.8 Maces & Flails
 + Level 4.3 Armour
 + Level 4.0 Dodging


You had 6 spell levels left.
You didn't know any spells.
Your spell library contained the following spells:

 Spells                   Type           Power      Damage    Failure   Level
 Magic Dart               Conj           0%         1d3       32%         1
 Slow                     Hex            0%         N/A       32%         1
 Call Imp                 Summ           0%         N/A       45%         2
 Confusing Touch          Hex            0%         N/A       69%         3
 Conjure Flame            Conj/Fire      0%         6-21      69%         3
 Ignite Poison            Fire/Tmut/Pois 0%         N/A       69%         3
 Mephitic Cloud           Conj/Pois/Air  0%         N/A       69%         3
 Vampiric Draining        Necr           0%         2d6       69%         3
 Sticky Flame             Conj/Fire      0%         2d3       97%         4
 Dispersal                Tloc           0%         N/A       100%        6
 Disjunction              Tloc           0%         N/A       100%        8


Dungeon Overview and Level Annotations

Branches:
Dungeon (5/15)              Sewer (visited)
 Temple: D:4-7

Altars:

Shops:
D:2 *(*?


Innate Abilities, Weirdness & Mutations

You are a tree.
Your roots penetrate the ground, keeping you stationary.
You cannot be teleported.
You are immune to unholy pain and torment.
Your maximum health is greatly increased.
Your equipment is partially melded.
You regenerate a little health from kills.
You sometimes gain a little power by taking damage.
((You are partially covered in razor-sharp scales. (AC +1, Slay +1)))
((You have a small tail.))
You are very clumsy. (Dex -4)
Your body often deteriorates upon taking damage.
You are dopey. (Int -2)
You sometimes lose the ability to read scrolls when taking damage.


Message History

The ogre is lightly wounded.
The ogre barely misses you.
You hit the ogre.
You feel better.
The ogre is moderately wounded.
You barely miss the ogre.
The ogre is moderately wounded.
The ogre hits you with a +0 giant spiked club!!
You feel threatened and lose the ability to read scrolls!
* * * LOW HITPOINT WARNING * * *
You focus on the pain.
You feel your power returning.
You barely miss the ogre.
The ogre is moderately wounded.
The ogre hits you with a +0 giant spiked club!
* * * LOW HITPOINT WARNING * * *
Unknown command.
Okay, then.
You cannot read scrolls in your current state!
Unknown command.
Really quaff the potion of lignification?
You turn into a tree.
Your +1 pair of gloves melds into your body.
Your +0 pair of boots melds into your body.
Your +1 chain mail of willpower melds into your body.
You feel less strong-willed.
Your roots penetrate the ground.
The ogre hits you but does no damage.
You hit the ogre. You freeze the ogre.
The ogre is heavily wounded.
The iguana bites you but does no damage.
You barely miss the ogre.
The ogre is heavily wounded.
The iguana bites you.
* * * LOW HITPOINT WARNING * * *
The ogre hits you with a +0 giant spiked club.
* * * LOW HITPOINT WARNING * * *
You sock the ogre! You freeze the ogre.
The ogre is severely wounded.
The iguana bites you but does no damage.
The ogre hits you with a +0 giant spiked club!
You die...
Xom giggles madly!

# ### .#
... ..##
#.###>...
#........
#.l......
#♣O......
#.#...#..
#.# ..#
####
#.#...#
#...
#.#...#
###...
#.#...#
#.....
#.#...#
#####.#...
#.#...#
#......†..
#.#...#
#......†##


You could see an ogre and an iguana.

Vanquished Creatures
  A swamp drake (Sewer)
  2 black bears
  An ogre (D:5)
  A bullfrog (Sewer)
  A necrophage (D:5)
  A hound (D:4)
  A jelly (D:4)
  Terence (D:3)
  Jessica (D:3)
  An iguana (D:4)
  2 orc wizards (D:5)
  7 adders
  2 worms
  2 dart slugs (D:1)
  4 orcs
  7 bats
  8 endoplasms
  7 giant cockroaches
  8 goblins
  3 hobgoblins
  3 jackals (D:1)
  10 quokkas
  13 ball pythons
  8 frilled lizards
  3 kobolds
  7 rats
105 creatures vanquished.

Vanquished Creatures (collateral kills)
  A bat (D:2)
1 creature vanquished.

Grand Total: 106 creatures vanquished

Notes
Turn   | Place    | Note
-------+----------+-------------------------------------------
     0 | D:1      | siradein the Demonspawn Chaos Knight began the quest for
                  | the Orb.
     0 | D:1      | Reached XP level 1. HP: 18/18 MP: 1/1
   114 | D:1      | Reached skill level 1 in Dodging
   162 | D:1      | Gained mutation: You sometimes gain a little power by
                  | taking damage. [demonic ancestry]
   162 | D:1      | Reached XP level 2. HP: 24/24 MP: 2/2
   470 | D:1      | XOM: smoke on damage
   615 | D:1      | XOM: enchant monster (bad)
   823 | D:1      | XOM: scenery: 1 doors open
   923 | D:1      | XOM: 2-stop teleportation journey
  1036 | D:1      | Gained mutation: You are partially covered in razor-sharp
                  | scales. (AC +1, Slay +1) [demonic ancestry]
  1036 | D:1      | Reached XP level 3. HP: 24/29 MP: 3/3
  1353 | D:1      | XOM: god gift: phantom mirror
  1408 | D:2      | XOM: 7-stop teleportation journey
  1411 | D:2      | Found Opnich Eryi's Magic Scroll Shoppe.
  1485 | D:2      | Bought a scroll of identify for 22 gold pieces
  1550 | D:2      | Found Ytoiqy's Magic Scroll Emporium.
  1608 | D:2      | Found Xuehojoh's Antique Weapon Shop.
  1637 | D:2      | Found Heseal's General Store.
  1886 | D:2      | XOM: cloud trail
  2057 | D:2      | Found Beggif's General Store.
  2079 | D:2      | Bought a potion of curing for 42 gold pieces
  2122 | D:3      | Noticed Terence
  2124 | D:3      | XOM: butterfly on damage
  2124 | D:3      | XOM: smoke on damage
  2127 | D:3      | XOM: swap monsters
  2659 | D:3      | Noticed Jessica
  2661 | D:3      | XOM: 6-stop teleportation journey
  2754 | D:3      | Killed Jessica
  2755 | D:3      | Gained mutation: You have a small tail. [demonic ancestry]
  2755 | D:3      | Reached XP level 4. HP: 35/36 MP: 4/4
  2866 | D:3      | XOM: stat loss: -1 Dex (11/12)
  2936 | D:3      | XOM: give mutation
  2936 | D:3      | Gained mutation: You sometimes lose the ability to read
                  | scrolls when taking damage. [Xom's mischief]
  2997 | D:3      | XOM: silly message
  3127 | D:3      | Killed Terence
  3346 | D:3      | XOM: give mutations
  3346 | D:3      | Gained mutation: Your body sometimes deteriorates upon
                  | taking damage. [Xom's mischief]
  3346 | D:3      | Gained mutation: You are clumsy. (Dex -2) [Xom's mischief]
  3590 | D:4      | XOM: noise
  3594 | D:4      | XOM: divination: detect items
  3600 | D:4      | Gained mutation: You regenerate a little health from kills.
                  | [demonic ancestry]
  3600 | D:4      | Reached XP level 5. HP: 42/42 MP: 5/5
  3630 | D:4      | Reached skill level 4 in Fighting
  3778 | D:4      | Found a glowing drain.
  3783 | Sewer    | Entered a sewer
  3859 | Sewer    | XOM: give mutations
  3859 | Sewer    | Gained mutation: Your body often deteriorates upon taking
                  | damage. [Xom's mischief]
  3859 | Sewer    | Gained mutation: You are very clumsy. (Dex -4) [Xom's
                  | mischief]
  4263 | Sewer    | Reached XP level 6. HP: 45/48 MP: 6/6
  4292 | Sewer    | Noticed a swamp drake
  4292 | Sewer    | a bullfrog changed into a swamp drake
  4302 | Sewer    | Killed a swamp drake
  4586 | D:4      | XOM: noise
  4666 | D:4      | Reached XP level 7. HP: 52/55 MP: 7/7
  4820 | D:4      | XOM: give mutations
  4820 | D:4      | Gained mutation: You are dopey. (Int -2) [Xom's mischief]
  4820 | D:4      | Lost mutation: You are dopey. (Int -2) [Xom's mischief]
  4820 | D:4      | Gained mutation: You are dopey. (Int -2) [Xom's mischief]
  5091 | D:5      | Entered Level 5 of the Dungeon
  5119 | D:5      | Reached skill level 5 in Fighting
  5159 | D:5      | XOM: potion effect (invisibility)
  5449 | D:5      | HP: 4/84 [ogre/+0 giant spiked club (4)]
  5450 | D:5      | Mangled by an ogre

Illustrated notes

Levels and vault maps discovered:
D:1:      mrwooster_arrival_statue_2, layout_loops_corners,
          grunt_decor_mini_mirrors, minmay_tromino_v4_b
D:2:      cheibrodos_helix_gallery, layout_basic, serial_shops, shop,
          shop_statue, shop, nicolae_lakefront_shop, nicolae_shop_statue_plus
D:3:      layout_basic, uniq_terence, uniq_jessica
D:4:      layout_rooms, portal_sewer_entry_e, minivault_19, grunt_ministairs_2
D:5:      layout_basic

Skill      XL: |  1  2  3  4  5  6  7 |
---------------+----------------------+-----
Dodging        | 1 2 3 4 |  4.0
Armour         | 2 3 4 |  4.3
Maces & Flails | 3 4 |  4.8
Fighting       | 4 5 |  5.3

Action                   |  1- 3 |  4- 6 |  7- 9 || total
-------------------------+-------+-------+-------++-------
Melee: Mace              |   146 |   162 |    99 ||   407
       Tailslap          |       |    22 |     9 ||    31
       Punch             |       |     3 |     4 ||     7
Evoke: Piece from Xom's  |     9 |    10 |       ||    19
  Use: Scroll            |     6 |     1 |       ||     7
       Potion            |       |     4 |     1 ||     5
 Stab: Petrifying        |     1 |       |       ||     1
       Sleeping          |       |     1 |       ||     1
       Invisible         |       |     1 |       ||     1
Armor: Chain mail        |   149 |   192 |    84 ||   425
       Skin              |       |    21 |     3 ||    24
Dodge: Dodged            |    45 |    61 |    29 ||   135

Table legend: (Time is in decaauts)
 A = Elapsed time spent in this place.
 B = Non-inter-level travel time spent in this place.
 C = Inter-level travel time spent in this place.
 D = Time resting spent in this place.
 E = Time spent auto-exploring this place.
 F = Levels seen in this place.
 G = Mean time per level.
                   A        B        C        D        E       F      G
               +--------+--------+--------+--------+--------+-----+--------+
         Total |   5629 |   5461 |    168 |    245 |   4040 |   6 |  938.2 |
       Dungeon |   4771 |   4603 |    168 |    245 |   3429 |   5 |  954.2 |
         Sewer |    858 |    858 |      0 |      0 |    611 |   1 |  858.0 |
               +--------+--------+--------+--------+--------+-----+--------+

Top non-repeatable levels by time:
     D:1: 1418 daAuts
     D:3: 1201 daAuts
     D:2: 921 daAuts
     D:4: 862 daAuts
   Sewer: 858 daAuts
     D:5: 367 daAuts
